 Dungeon Crawl Stone Soup version 0.29.1-1-gd02db6906a (webtiles) character file.

Game seed: 17268408761970022810

1096 NullDivider the Sneak (level 8, -9/46 HPs)
             Began as an Octopode Venom Mage on Sept 22, 2022.
             Mangled by an ice beast (13 damage)
             ... on level 5 of the Dungeon.
             The game lasted 00:39:07 (6897 turns).

NullDivider the Sneak (Octopode Venom Mage)         Turns: 6897, Time: 00:39:07

Health: -9/46      AC:  1    Str: 13    XL:     8   Next: 31%
Magic:  14/14      EV: 14    Int: 20    God:
Gold:   297        SH:  0    Dex: 12    Spells: 5/15 levels left

rFire   . . .      SeeInvis .   r - +0 short sword (holy)
rCold   . . .      Faith    .   (no shield)
rNeg    . . .      Spirit   .   (helmet restricted)
rPois   .          Reflect  .   s - amulet of magic regeneration
rElec   .          Harm     .   c - ring of resist corrosion
rCorr   +          Rampage  .   u - +6 ring of strength
Will    .....                   (no ring)
Stlth   ++++......              (no ring)
HPRegen 0.15/turn               (no ring)
MPRegen 0.54/turn               (no ring)
                                (no ring)
                                (no ring)

@: no status effects
A: almost no armour, amphibious, 8 rings, camouflage 1, gelatinous body 1,
(nimble swimmer 1), tentacles
a: no special abilities


You were on level 5 of the Dungeon.
You visited 1 branch of the dungeon, and saw 5 of its levels.

You collected 319 gold pieces.
You spent 22 gold pieces at shops.

Inventory:

Hand Weapons
 m - a +0 dagger of venom
 r - a +0 short sword of holy wrath (weapon)
Jewellery
 c - a ring of resist corrosion (left tentacle)
 s - an amulet of magic regeneration (around mantle)
 u - a +6 ring of strength (right tentacle)
Scrolls
 b - 3 scrolls of enchant weapon
 d - 2 scrolls of teleportation
 f - a scroll of silence {unknown}
 i - a scroll of vulnerability {unknown}
 j - 2 scrolls of enchant armour {unknown}
 n - a scroll of fear {unknown}
 p - a scroll of magic mapping {unknown}
 q - 2 scrolls of noise {unknown}
Potions
 a - a potion of magic
 e - 3 potions of curing
 g - a potion of lignification {unknown}
 h - a potion of invisibility {unknown}
 k - 2 potions of haste
 l - a potion of degeneration {unknown}
 o - a potion of attraction {unknown}
 t - a potion of ambrosia {unknown}


   Skills:
 * Level 4.6 Dodging
 * Level 6.7 Stealth
 * Level 4.3 Spellcasting
 + Level 2.0 Conjurations
 - Level 1.4 Transmutations
 + Level 2.5 Air Magic
 * Level 6.3 Poison Magic


You had 5 spell levels left.
You knew the following spells:

 Your Spells              Type           Power      Damage    Failure   Level
a - Sting                 Tmut/Pois      76%        1d6       2%          1
b - Poisonous Vapours     Pois/Air       44%        N/A       3%          2
c - Mephitic Cloud        Conj/Pois/Air  18%        N/A       9%          3
d - Olgreb's Toxic Radia  Pois           29%        N/A       10%         4

Your spell library contained the following spells:

 Spells                   Type           Power      Damage    Failure   Level
 Gell's Gravitas          Tloc           4%         N/A       36%         3
 Lesser Beckoning         Tloc           4%         N/A       36%         3
 Teleport Other           Tloc           4%         N/A       36%         3
 Summon Forest            Summ/Tloc      2%         N/A       98%         5
 Eringya's Noxious Bog    Tmut/Pois      9%         N/A       98%         6
 Summon Hydra             Summ           2%         N/A       100%        7


Dungeon Overview and Level Annotations

Branches:
Dungeon (5/15)
 Temple: D:4-7

Altars:
Gozag
Nemelex Xobeh
Wu Jian
Yredelemnul

Shops:
D:5 ?

Annotations:
D:5 Duvessa


Innate Abilities, Weirdness & Mutations

You cannot wear most types of armour.
You are amphibious.
You can wear up to eight rings at the same time.
Your skin changes colour to match your surroundings (Stealth+).
Your rubbery body absorbs attacks. (AC +1, EV +1)
((You are camouflaged when in or above water. (Stealth+)))
You have tentacles for arms and can constrict up to eight enemies at once.


Message History

You barely miss the adder. You grab the adder.
The adder is moderately wounded.
You constrict the adder. The adder bites you but does no damage.
You hit the adder. You squeeze the adder.
You kill the adder!
You start waiting.
An ice beast comes into view.
You can't see any susceptible monsters within range! (Use Z to cast anyway.)
The sting hits the ice beast.
The ice beast is poisoned.
The ice beast is lightly wounded.
The sting hits the ice beast.
The ice beast partially resists.
The ice beast looks even sicker.
The ice beast is lightly wounded.
You hit the ice beast.
You squeeze the ice beast, but do no damage.
The ice beast is lightly wounded.
The ice beast closely misses you.
You barely miss the ice beast.
The ice beast is lightly wounded.
The ice beast hits you. The ice beast freezes you!
You hit the ice beast but do no damage. You squeeze the ice beast!
The ice beast is heavily wounded.
The ice beast barely misses you.
You barely miss the ice beast.
The ice beast is heavily wounded.
The ice beast hits you. The ice beast freezes you!
You hit the ice beast but do no damage.
The ice beast is severely wounded.
The ice beast hits you. The ice beast freezes you!
* * * LOW HITPOINT WARNING * * *
You hit the ice beast.
You squeeze the ice beast, but do no damage.
The ice beast is almost dead.
The ice beast completely misses you.
You barely miss the ice beast.
The ice beast is almost dead.
The ice beast hits you.
* * * LOW HITPOINT WARNING * * *
The ice beast freezes you!
You die...

.#.......#.#.........#
....#.####.#...#.#####
....#.# #.#...#.#
#####.## #.#...#.#
####...# #.......####
.....#.######.####..
##......# ###.# #.#
#.####.###...####.####
#.#...........Y@.†...#
##.#.##.###...####.#.#.#
........# ##### #......
.###<#..# ##......!
#.#..# .........#
..♣♣.~♣ #.......##
#.#♣P~.♣ .....>...# ..
♣.~♣ #.......## ##♣ ~.~♣


You could see an ice beast (poisoned).

Vanquished Creatures
  Grinder (D:3)
  2 black bears (D:4)
  A necrophage (D:5)
  A scorpion (D:5)
  2 killer bees (D:5)
  A vampire bat (D:3)
  A jelly (D:5)
  Crazy Yiuf (D:3)
  An iguana (D:4)
  Natasha (thrice) (D:3)
  An orc wizard (D:4)
  7 gnolls
  5 adders
  2 ufetubi (D:5)
  2 worms (D:4)
  3 fire bats (D:3)
  6 orcs
  2 spectral bats (D:3)
  3 bat skeletons (D:3)
  A bat zombie (D:3)
  7 endoplasms
  11 goblins
  4 hobgoblins
  8 jackals (D:2)
  7 kobolds
  5 quokkas
  5 ball pythons
  12 bats
  A bat simulacrum (D:3)
  A frilled lizard (D:3)
  4 rats
  A spectral orc (D:4)
112 creatures vanquished.

Vanquished Creatures (others)
  17 plants
17 creatures vanquished.

Grand Total: 129 creatures vanquished

Notes
Turn   | Place    | Note
-------+----------+-------------------------------------------
     0 | D:1      | NullDivider the Octopode Venom Mage began the quest for the
                  | Orb.
     0 | D:1      | Reached XP level 1. HP: 11/11 MP: 3/3
   387 | D:1      | Reached XP level 2. HP: 16/17 MP: 3/5
  1210 | D:1      | Learned a level 2 spell: Poisonous Vapours
  1283 | D:2      | Found a faded altar of an unknown god.
  1289 | D:2      | Reached XP level 3. HP: 21/21 MP: 3/6
  2267 | D:3      | Found a sparkling altar of Nemelex Xobeh.
  2288 | D:3      | Noticed Grinder
  2288 | D:3      | Paralysed by Grinder for 3 turns
  2327 | D:3      | Paralysed by Grinder for 2 turns
  2340 | D:3      | Killed Grinder
  2341 | D:3      | Reached skill level 1 in Air Magic
  2341 | D:3      | Reached XP level 4. HP: 5/27 MP: 2/8
  2341 | D:3      | Reached XP level 5. HP: 6/31 MP: 2/9
  2341 | D:3      | Reached XP level 6. HP: 7/36 MP: 2/10
  2586 | D:3      | Learned a level 3 spell: Mephitic Cloud
  2591 | D:3      | Learned a level 4 spell: Olgreb's Toxic Radiance
  3519 | D:3      | Found an opulent altar of Gozag.
  3556 | D:3      | Noticed Natasha
  3568 | D:3      | Killed Natasha
  3569 | D:3      | Reached skill level 5 in Poison Magic
  3767 | D:3      | Found a runed translucent door.
  3768 | D:3      | Noticed Crazy Yiuf
  4224 | D:3      | Reached skill level 5 in Stealth
  4406 | D:3      | Killed Crazy Yiuf
  4407 | D:3      | Reached XP level 7. HP: 41/41 MP: 5/12
  4570 | D:3      | Noticed Natasha
  4575 | D:3      | Killed Natasha
  4611 | D:3      | Noticed Natasha
  4618 | D:3      | Killed Natasha
  4619 | D:3      | Reached skill level 1 in Conjurations
  4971 | D:4      | Identified the +1 pair of boots of Hospitality {rC+}
  5165 | D:4      | Found an ornate altar of the Wu Jian Council.
  5246 | D:4      | HP: 2/41 [gnoll/+1 vorpal flail (9)]
  5497 | D:4      | Found a basalt altar of Yredelemnul.
  6207 | D:5      | Entered Level 5 of the Dungeon
  6207 | D:5      | Found Goyruhut's Magic Scroll Boutique.
  6278 | D:5      | Bought a scroll of identify for 22 gold pieces
  6319 | D:5      | Reached XP level 8. HP: 20/46 MP: 14/14
  6429 | D:5      | Noticed Duvessa
  6897 | D:5      | Mangled by an ice beast

Illustrated notes

Levels and vault maps discovered:
D:1:      erik_arrival_triangle_small, layout_basic
D:2:      layout_basic, chequers_ecumenical_altar_island
D:3:      layout_loops_corners, mainiacjoe_overflow_catwalk,
          mainiacjoe_overflow_boulevard, goddamned_bats, uniq_grinder,
          uniq_natasha, uniq_crazy_yiuf_cottage
D:4:      layout_rooms, nzn_wu_jian_contemplation,
          yredelemnul_forgotten_temple_becter
D:5:      layout_loops_cross, nicolae_qazlal_style_of_elements, serial_shops,
          shop, st_stairs_4, serial_bayou_crossing, uniq_duvessa

Skill      XL: |  1  2  3  4  5  6  7  8 |
---------------+-------------------------+-----
Stealth        | 3 4 5 6 |  6.7
Poison Magic   | 4 5 6 |  6.3
Dodging        | 3 4 |  4.6
Spellcasting   | 3 4 |  4.3
Air Magic      | 1 2 |  2.5
Conjurations   | 1 2 |  2.0
Transmutations | |  1.4

Action                   |  1- 3 |  4- 6 |  7- 9 || total
-------------------------+-------+-------+-------++-------
Melee: Unarmed           |     7 |     5 |       ||    12
       Tentacles         |     1 |    11 |    26 ||    38
       Dagger            |       |    47 |    49 ||    96
       Constrict         |       |    18 |    23 ||    41
       Punch             |       |     1 |       ||     1
       Short sword       |       |       |    26 ||    26
 Cast: Sting             |    57 |    14 |    21 ||    92
       Poisonous Vapours |     4 |    18 |    58 ||    80
  Use: Scroll            |       |       |     2 ||     2
       Potion            |       |       |     1 ||     1
 Stab: Sleeping          |       |     4 |     1 ||     5
Armor: Skin              |    11 |    13 |     1 ||    25
Dodge: Dodged            |    38 |    61 |    50 ||   149
